Map: [ESL] Alcyone

Players

DnS

  • Race: Protoss Protoss
  • Spawn Location: 1:00

Strange - Winner!

  • Race: Protoss Protoss
  • Spawn Location: 7:00

Event: ESL SC2 Masters 2024 Spring (Regional)

VOD

Have the link to the VOD?

Description

Time

  • Played on: April 13, 2024, 9:22 a.m.
  • Length: 6:50

All games in this series

Show
View Real Time Build Order
Export as new Build Order

DnS Protoss 

Build Orders: Phoenix Opening, Blink Stalkers 

Get SALT Encoding   

  12  0:00  Probe  
  13  0:12  Probe  
  14  0:17  Pylon  
  14  0:24  Probe (Chrono Boost)  
  15  0:36  Probe (Chrono Boost)  
  15  0:37  Gateway  
  16  0:44  Probe (Chrono Boost)  
  16  0:45  Assimilator  
  17  0:51  Probe  
  17  0:55  Assimilator  
  18  1:03  Probe (Chrono Boost)  
  19  1:08  Gateway  
  19  1:12  Probe (Chrono Boost)  
  19  1:17  Probe (Chrono Boost)  
  20  1:24  Cybernetics Core  
  21  1:29  Probe  
  22  1:34  Pylon  
  22  1:41  Probe  
  23  1:53  Probe  
  24  2:00  Sentry, Stalker  
  28  2:02  Warp Gate  
  28  2:09  Probe  
  28  2:10  Pylon  
  29  2:21  Pylon  
  29  2:23  Sentry  
  31  2:35  Stalker  
  33  2:39  Probe  
  34  2:51  Probe  
  34  2:52  Sentry  
  34  2:57  Nexus  
  37  3:03  Pylon  
  38  3:05  Probe  
  38  3:14  Twilight Council  
  38  3:18  Probe  
  39  3:21  Phoenix  
  39  3:30  Probe (Chrono Boost)  
  41  3:42  Probe (Chrono Boost)  
  41  3:47  Blink (Chrono Boost)  
  41  3:48  Probe (Chrono Boost)  
  41  3:50  Stalker x2  
  41  3:53  Pylon  
  46  3:59  Probe  
  47  4:11  Probe  
  47  4:14  Probe  
  47  4:16  Stalker x2  
  53  4:23  Probe  
  54  4:26  Probe  
  55  4:36  Probe  
  55  4:38  Probe  
  57  4:41  Stalker x2  
  61  4:52  Nexus  
  61  4:56  Pylon  
  61  4:58  Stalker x2  
  61  5:05  Probe x2  
  63  5:07  Adept  
  63  5:08  Robotics Facility  
  63  5:09  Adept  
  67  5:18  Assimilator  
  67  5:20  Probe  
  68  5:24  Forge, Probe  
  69  5:32  Probe  
  68  5:45  Probe  
  68  5:46  Stalker x2  
  71  5:54  Probe  
  71  5:55  Observer  
  71  5:57  Probe  
  72  6:06  Probe  
  72  6:11  Immortal (Chrono Boost)  
  65  6:16  Probe x2  
  65  6:17  Shield Battery  
  65  6:23  Gateway  
  65  6:24  Stalker x2  
  65  6:25  Gateway  
  63  6:26  Gateway  
  63  6:28  Shield Battery  
  54  6:47  Stalker x2  
Show
View Real Time Build Order
Export as new Build Order

Strange Protoss - Winner!

Build Orders: Phoenix Opening, Blink Stalkers 

Get SALT Encoding   

  12  0:00  Probe  
  13  0:12  Probe  
  14  0:17  Pylon  
  14  0:24  Probe  
  15  0:35  Gateway  
  15  0:36  Probe (Chrono Boost)  
  16  0:46  Assimilator, Probe (Chrono Boost)  
  17  0:51  Probe (Chrono Boost)  
  17  0:54  Assimilator  
  18  1:03  Probe (Chrono Boost)  
  19  1:07  Gateway  
  19  1:12  Probe (Chrono Boost)  
  19  1:17  Probe (Chrono Boost)  
  20  1:24  Cybernetics Core  
  21  1:29  Probe  
  22  1:35  Pylon  
  22  1:41  Probe  
  23  1:53  Probe  
  24  2:00  Stalker  
  24  2:01  Warp Gate  
  28  2:05  Probe  
  29  2:09  Sentry  
  29  2:10  Pylon  
  29  2:18  Probe  
  30  2:29  Pylon  
  30  2:30  Sentry  
  34  2:41  Phoenix  
  32  2:46  Nexus  
  32  2:50  Probe (Chrono Boost)  
  33  2:52  Sentry  
  35  3:00  Probe (Chrono Boost)  
  35  3:02  Shield Battery  
  35  3:05  Probe (Chrono Boost)  
  37  3:13  Twilight Council  
  37  3:17  Probe  
  38  3:21  Pylon  
  38  3:29  Probe  
  39  3:41  Blink (Chrono Boost), Probe  
  40  3:51  Stalker  
  40  3:53  Probe  
  40  3:54  Forge  
  43  3:58  Probe  
  44  4:04  Stalker  
  44  4:09  Probe  
  47  4:10  Probe  
  48  4:21  Probe, Protoss Ground Weapons Level 1 (Chrono Boost)  
  48  4:22  Probe  
  50  4:27  Stalker  
  50  4:29  Assimilator  
  52  4:32  Stalker  
  52  4:33  Probe  
  52  4:34  Probe  
  56  4:39  Pylon  
  56  4:44  Robotics Facility  
  56  4:45  Probe  
  57  4:54  Stalker x2  
  57  4:56  Nexus  
  57  4:58  Pylon  
  57  5:02  Stalker  
  59  5:09  Pylon  
  59  5:11  Stalker  
  59  5:12  Probe  
  59  5:13  Probe  
  63  5:25  Shield Battery  
  63  5:26  Stalker  
  63  5:27  Probe  
  66  5:28  Probe  
  66  5:34  Immortal  
  71  5:40  Stalker  
  73  5:48  Probe  
  73  5:49  Probe  
  75  5:56  Stalker  
  76  6:01  Probe x2  
  76  6:02  Shield Battery  
  76  6:03  Stalker  
  78  6:13  Probe x2  
  80  6:24  Probe  
  80  6:25  Probe  
  82  6:27  Stalker x2  
  86  6:36  Probe  
  86  6:38  Probe x2  
  87  6:43  Gateway  
  87  6:44  Gateway  
Tags
 
Add a new tag
Caveats
  • Supply blocks, unpowered buildings, or Contaminate may cause inaccurate times.
  • Supply counts are checked every 10 seconds.